 Dungeon Crawl Stone Soup version 0.19.1-1-g22dce08 (webtiles) character file.

1419 Haldmier the Insei (level 8, 0/42 HPs)
             Began as a Vine Stalker Transmuter on Dec 30, 2016.
             Was a Follower of Fedhas.
             Slain by an unseen horror (3 damage)
             ... on level 6 of the Dungeon.
             The game lasted 00:23:21 (5141 turns).

Haldmier the Insei (Vine Stalker Transmuter)        Turns: 5141, Time: 00:23:21

Health: 0/42       AC:  4    Str: 13    XL:     8   Next: 71%
Magic:  0/12       EV: 12    Int: 15    God:    Fedhas [*.....]
Gold:   311        SH:  0    Dex: 15    Spells: 3 memorised, 5 levels left

rFire  . . .     SeeInvis .       - Unarmed
rCold  . . .     Gourm    .     b - +0 robe
rNeg   . . .     Faith    .     (no shield)
rPois  .         Spirit   +     (no helmet)
rElec  .         Reflect  .     E - +0 cloak
rCorr  .         Harm     .     J - +0 pair of gloves
MR     +....                    (no boots)
Stlth  +.........               q - amulet of regeneration
                                (no ring)
                                (no ring)

@: appendage
A: fangs 3, horns 2, regeneration 1, magic shield, antimagic bite, no device
heal 3, rot immunity
a: End Transformation, Fungal Bloom, Evolution, Renounce Religion


You were on level 6 of the Dungeon.
You worshipped Fedhas.
Fedhas was aware of your devotion.
You were very hungry.
You had grown temporary horns.
You visited 1 branch of the dungeon, and saw 6 of its levels.

You collected 311 gold pieces.

Inventory:

Hand Weapons
 M - a +0 short sword of venom
Missiles
 a - 146 arrows
 k - 169 stones
 x - 2 tomahawks (quivered)
Armour
 b - a +0 robe (worn)
 E - a +0 cloak (worn)
 J - a +0 pair of gloves (worn)
Jewellery
 h - a +3 amulet of reflection {unknown}
 q - an amulet of regeneration (around neck)
 z - an uncursed amulet of magic regeneration {unknown}
Wands
 v - a wand of acid (0/15)
 y - a wand of lightning (3/15)
 C - a wand of confusion (26/48)
 D - a wand of heal wounds (1/9)
Scrolls
 g - 2 scrolls of blinking {unknown}
 m - 4 scrolls of teleportation {unknown}
 o - 4 scrolls of identify {unknown}
 s - a scroll of fear {unknown}
 t - a scroll of remove curse {unknown}
 B - a scroll of immolation {unknown}
 H - a scroll of noise {unknown}
 I - a scroll of recharging {unknown}
 K - a scroll of enchant armour {unknown}
Potions
 e - 2 potions of heal wounds {unknown}
 l - 2 potions of brilliance {unknown}
 n - 2 potions of curing {unknown}
 p - 3 potions of haste {unknown}
 r - 4 potions of flight {unknown}
 u - a potion of invisibility {unknown}
 w - a potion of lignification {unknown}
 A - a potion of might {unknown}
 F - a potion of berserk rage {unknown}
 G - a potion of cancellation {unknown}
 L - a potion of magic {unknown}
Books
 c - a book of Changes

   Spells                             Type                      Level
   a - Beastly Appendage              Transmutation                1
   b - Sticks to Snakes               Transmutation                2
   c - Spider Form                    Transmutation/Poison         3
   d - Ice Form                       Ice/Transmutation            4
   e - Blade Hands                    Transmutation                5
Comestibles
 d - 3 bread rations
 f - 7 meat rations
 i - 3 fruits
 j - 4 beef jerkies


   Skills:
 + Level 4.4 Fighting
 - Level 1.5 Dodging
 * Level 7.7 Unarmed Combat
 - Level 2.1 Spellcasting
 + Level 5.1 Transmutations
 - Level 3.0 Poison Magic


You had 5 spell levels left.
You knew the following spells:

 Your Spells              Type           Power        Failure   Level  Hunger
a - Beastly Appendage     Tmut           ###...       2%          1    #......
b - Sticks to Snakes      Tmut           ###.....     4%          2    ###....
c - Spider Form           Tmut/Pois      ##........   14%         3    ###....


Dungeon Overview and Level Annotations

Branches:
Dungeon (6/15)
 Temple: D:4-7

Altars:
Dithmenos
Elyvilon
Fedhas
Okawaru
Xom
The Shining One


Innate Abilities, Weirdness & Mutations

You have razor-sharp teeth.
Your natural rate of healing is unusually fast.
When hurt, damage is shared between your health and your magic reserves.
Your bite disrupts and absorbs the magic of your enemies.
Potions and wands cannot restore your health.
You are immune to rotting.
You have a pair of horns on your head.


Message History

Something hits your wandering mushroom!
Your wandering mushroom is destroyed!
You feel a little guilty. Something hits you!
* * * LOW HITPOINT WARNING * * *
You take 5 damage, and have 1/42 hp.
You now have 0/12 mp.
Something hits you.
* * * LOW HITPOINT WARNING * * *
Evoke which item? (* to show all) (? for menu, Esc to quit)
Zapping:
v - a wand of acid {zapped: 2} (will waste charges)
Press: ? - help, Shift-Dir - straight line Evoking this partially-identified wand wasted a few charges.
Something hits you.
You now have 0/12 mp.
Evoke which item? (* to show all) (? for menu, Esc to quit)
Zapping:
v - a wand of acid {zapped: 5} (will waste charges)
Press: ? - help, Shift-Dir - straight line Nothing appears to happen.
Something hits you.
You die...
Fedhas appreciates your contribution to the ecosystem.

###......(>.# #§.######
..........## #..#
.#..#..#..## #P.#
##...##...## #P.#
##.###....# #..#
#.##.###.####).# #
#.#.# #........#
#...####.####..#####.##
........⌠..@..<...##.#
....####.####..##.##.#
. #.# ##..# #.# #.#
##.# #.# ##†## ..# #.#
##..(## ..# .#
#..).(#..# #...#.#...#
......#.#####


There were no monsters in sight!

Vanquished Creatures
  Grinder (D:3)
  Eustachio (D:6)
  An ogre (D:4)
  2 centaurs
  A big kobold (D:6)
  A bullfrog (D:4)
  2 scorpions (D:4)
  4 wights (D:5)
  A jelly (D:5)
  A bullfrog skeleton (D:4)
  A hound (D:6)
  2 orc wizards
  Ijyb (D:3)
  A hound skeleton (D:4)
  2 gnolls (D:3)
  2 adders
  A shadow imp (D:5)
  An ooze (D:3)
  4 worms
  A dart slug (D:2)
  6 leopard geckos
  10 orcs
  5 giant cockroaches
  4 hobgoblins
  15 jackals
  3 quokkas
  2 ball pythons
  11 bats
  4 frilled lizards
  14 goblins
  9 kobolds
  A quokka skeleton (D:5)
  10 rats
125 creatures vanquished.

Vanquished Creatures (collateral kills)
  A phantom (D:4)
1 creature vanquished.

Vanquished Creatures (others)
  A wandering mushroom (D:6)
  48 toadstools
49 creatures vanquished.

Grand Total: 175 creatures vanquished

Notes
Turn   | Place    | Note
-------+----------+-------------------------------------------
     0 | D:1      | Haldmier the Vine Stalker Transmuter began the quest for the Orb.
     0 | D:1      | Reached XP level 1. HP: 9/9 MP: 4/4
    18 | D:1      | Noticed a worker ant
    18 | D:1      | Noticed a black bear
    18 | D:1      | Noticed a rime drake
    18 | D:1      | Noticed a hound
    18 | D:1      | Noticed an iguana
    29 | D:1      | Reached skill level 1 in Fighting
   284 | D:1      | Reached XP level 2. HP: 14/14 MP: 4/6
   594 | D:1      | Learned a level 2 spell: Sticks to Snakes
  1074 | D:1      | Reached XP level 3. HP: 13/18 MP: 7/7
  1742 | D:2      | Found a blossoming altar of Fedhas.
  1838 | D:2      | Became a worshipper of Fedhas Madash
  1903 | D:2      | Gained mutation: Your natural rate of healing is unusually fast. [Vine Stalker growth]
  1903 | D:2      | Reached XP level 4. HP: 23/23 MP: 5/8
  2083 | D:2      | Found a glowing golden altar of the Shining One.
  2234 | D:2      | Reached skill level 4 in Unarmed Combat
  2350 | D:2      | Learned a level 3 spell: Spider Form
  2485 | D:2      | Reached * piety under Fedhas
  2500 | D:3      | Reached XP level 5. HP: 14/26 MP: 4/9
  2566 | D:3      | Reached skill level 1 in Poison Magic
  2590 | D:3      | Found a shadowy altar of Dithmenos.
  2595 | D:3      | Noticed Ijyb
  2612 | D:3      | HP: 1/26 [Ijyb/wand of lightning (11)]
  2637 | D:3      | Killed Ijyb
  3186 | D:3      | Found an iron altar of Okawaru.
  3218 | D:3      | Noticed Grinder
  3229 | D:3      | Paralysed by Grinder for 5 turns
  3282 | D:3      | Killed Grinder
  3282 | D:3      | Reached skill level 5 in Unarmed Combat
  3282 | D:3      | Reached XP level 6. HP: 17/32 MP: 4/10
  3309 | D:3      | Reached ** piety under Fedhas
  3614 | D:4      | Found a white marble altar of Elyvilon.
  3614 | D:4      | Found a shimmering altar of Xom.
  3665 | D:4      | Reached XP level 7. HP: 36/36 MP: 8/11
  3758 | D:4      | Reached skill level 6 in Unarmed Combat
  4276 | D:5      | Entered Level 5 of the Dungeon
  4459 | D:5      | Gained mutation: You have razor-sharp teeth. [Vine Stalker growth]
  4459 | D:5      | Reached XP level 8. HP: 41/41 MP: 5/12
  4614 | D:5      | Reached skill level 7 in Unarmed Combat
  5000 | D:6      | Noticed Eustachio
  5009 | D:6      | Killed Eustachio
  5035 | D:6      | Reached skill level 5 in Transmutations
  5130 | D:6      | HP: 1/42 [something (8)]
  5138 | D:6      | HP: 1/42 [something (6)]
  5141 | D:6      | Slain by an unseen horror

Skill      XL: |  1  2  3  4  5  6  7  8 |
---------------+-------------------------+-----
Fighting       | 1 2 3 4 |  4.4
Transmutations | 3 4 5 |  5.1
Unarmed Combat | 4 5 6 7 |  7.7
Poison Magic   | 2 3 |  3.0
Dodging        | |  1.5
Spellcasting   | |  2.1

Action                   |  1- 3 |  4- 6 |  7- 9 || total
-------------------------+-------+-------+-------++-------
Melee: Unarmed           |   120 |   192 |   132 ||   444
       Bite              |    29 |    43 |    21 ||    93
       Kick              |    15 |     7 |     5 ||    27
       Headbutt          |     6 |    13 |    10 ||    29
       Punch             |       |     2 |     2 ||     4
Throw: Tomahawk          |       |     2 |       ||     2
 Cast: Beastly Appendage |    30 |    24 |    11 ||    65
       Spider Form       |       |     3 |     4 ||     7
       Sticks to Snakes  |       |       |     1 ||     1
Invok: Fungal Bloom      |     1 |    16 |     3 ||    20
       Evolution         |       |       |     1 ||     1
Evoke: Wand              |       |       |     2 ||     2
  Eat: Chunk             |     4 |     6 |     2 ||    12
       Pizza             |       |       |     2 ||     2
Armor: Robe              |    27 |    19 |     5 ||    51
       Skin              |       |     1 |     2 ||     3
Dodge: Dodged            |    82 |   114 |    69 ||   265
